 Dungeon Crawl Stone Soup version 0.22.1-1-ga44c0e5 (webtiles) character file.

117 Loudmushroom the Covered (level 5, -5/33 HPs)
             Began as a Gargoyle Fighter on Oct 16, 2018.
             Slain by a wight
             ... wielding a +4 scimitar of freezing
              (6 damage)
             ... on level 2 of the Dungeon.
             The game lasted 00:08:35 (1604 turns).

Loudmushroom the Covered (Gargoyle Fighter)         Turns: 1604, Time: 00:08:36

Health: -5/33      AC: 13    Str: 21    XL:     5   Next: 1%
Magic:  5/5        EV:  7    Int:  8    God:
Gold:   28         SH:  9    Dex: 11    Spells: 4/4 levels left

rFire    . . .     SeeInvis .   a - +0 war axe
rCold    . . .     Gourm    .   c - +0 shield
rNeg     + . .     Faith    .   s - +0 scale mail
rPois    ∞         Spirit   .   t - +0 helmet
rElec    +         Reflect  .   q - +0 cloak
rCorr    .         Harm     .   (no gloves)
MR       .....                  (no boots)
Stlth    ..........             (no amulet)
HPRegen  0.11/turn              k - +2 ring of dexterity
MPRegen  0.09/turn              (no ring)

@: no status effects
A: negative energy resistance 1, electricity resistance, unbreathing,
petrification resistance, rot immunity, AC +4
a: no special abilities


You were on level 2 of the Dungeon.
You were not hungry.

You visited 1 branch of the dungeon, and saw 2 of its levels.

You collected 28 gold pieces.

Inventory:

Hand Weapons
 a - a +0 war axe (weapon)
 b - a +0 hunting sling
 g - a +0 spear
Missiles
 i - 63 stones (quivered)
Armour
 c - a +0 shield (worn)
 q - a +0 cloak (worn)
 s - a +0 scale mail (worn)
 t - a +0 helmet (worn)
Jewellery
 k - a +2 ring of dexterity (left hand)
Scrolls
 e - 2 scrolls of random uselessness {unknown}
 h - a scroll of blinking {unknown}
 j - 2 scrolls of teleportation {unknown}
 l - a scroll of amnesia {unknown}
 n - a scroll of identify {unknown}
 o - a scroll of remove curse {unknown}
Potions
 d - a potion of might
 m - a potion of heal wounds {unknown}
 r - a potion of lignification {unknown}
Comestibles
 f - 4 rations
 p - 2 chunks of flesh


   Skills:
 + Level 4.0 Fighting
 * Level 3.1 Axes
 + Level 4.0 Armour
 + Level 4.0 Shields


You had 4 spell levels left.
You didn't know any spells.
Your spell library was empty.

Dungeon Overview and Level Annotations

Branches:
Dungeon (2/15)

Altars:


Innate Abilities, Weirdness & Mutations

You are resistant to torment.
Your stone body is resilient. (AC +4)
You are immune to poison.
You resist negative energy. (rN+)
You are resistant to electric shocks. (rElec)
You can survive without breathing.
You are immune to petrification.
You are immune to rotting.


Message History

* * * LOW HITPOINT WARNING * * *
You block the wight's attack. You block the wight's attack.
You block the wight's attack. The wight hits you but does no damage.
The wight hits you with a great sword.
* * * LOW HITPOINT WARNING * * *
The wight hits you with a scimitar of freezing.
* * * LOW HITPOINT WARNING * * *
The wight freezes you.
* * * LOW HITPOINT WARNING * * *
Your scale mail prevents you from hitting the wight.
You hit the wight. You block the wight's attack.
Your shield and scale mail prevent you from hitting the wight.
The wight is heavily damaged.
You hit the wight but do no damage. You hit the wight.
You block the wight's attack. x2; The wight closely misses you.
The wight hits you but does no damage.
The wight hits you with a scimitar of freezing.
You die...

####........####.######.#######
.......####........#.....#
..........##.#.#.#.......#
######.##.##.......#.....# #
#.##....#.#.#.......# #
#..###..............# #
##..###.#.#.#.#.....##### #
##.# #....zzz..........# #.#
#.##.@zz#########...
#.###....##.# ##### .
#...###.###.##.....
###.###.###....# #.....#.....##
##......###.# ########
##.....####.##
.....))###..###...##..#
######<÷).....###.###.#


You could see 5 wights.

Vanquished Creatures
  Robin (D:2)
  3 gnolls (D:2)
  An adder (D:2)
  An ooze (D:1)
  A worm (D:2)
  A dart slug (D:2)
  A ball python (D:1)
  7 bats
  3 giant cockroaches (D:2)
  13 goblins
  5 hobgoblins
  3 jackals (D:2)
  A quokka (D:2)
  4 frilled lizards
  7 kobolds
  3 rats
55 creatures vanquished.

Notes
Turn   | Place    | Note
-------+----------+-------------------------------------------
     0 | D:1      | Loudmushroom the Gargoyle Fighter began the quest for the
                  | Orb.
     0 | D:1      | Reached XP level 1. HP: 14/14 MP: 1/1
   163 | D:1      | Reached XP level 2. HP: 19/19 MP: 2/2
   378 | D:1      | Reached XP level 3. HP: 22/23 MP: 3/3
  1055 | D:2      | Reached XP level 4. HP: 29/29 MP: 4/4
  1221 | D:2      | Noticed Robin
  1334 | D:2      | Killed Robin
  1566 | D:2      | Reached XP level 5. HP: 30/33 MP: 5/5
  1602 | D:2      | HP: 1/33 [wight/scimitar of freezing (1)]
  1604 | D:2      | Slain by a wight

Skill      XL: |  1  2  3  4 |
---------------+-------------+-----
Axes           | 2 3 |  3.1
Armour         | 4 |  4.0
Fighting       | 4 |  4.0
Shields        | 4 |  4.0

Action                   |  1- 3 |  4- 6 || total
-------------------------+-------+-------++-------
Melee: War axe           |   109 |   100 ||   209
  Eat: Chunk             |       |     3 ||     3
Armor: Scale mail        |    87 |    71 ||   158
Dodge: Dodged            |    57 |    48 ||   105
Block: Shield            |    87 |    81 ||   168
